AoeStats
← 酒醉上義姬

Arabia

508654145Analyzed
4v4 RM · 10d ago on Sep 23, 2026· 99m 35s· 8 players
Game mode
Random Map
Map size
Large (8 player)
Population
200
Speed
Normal
Resources
Standard
Victory
Conquest
Starting age
Dark Age
Ending age
Imperial Age
RankedLock teamsTeams togetherTeam positionsShared explorationLock speedFull tech treeHidden civsTurbo modeCheats
Victory
Defeat
🇹🇼 Saxons · Taiwan
1359
+15
🇹🇼 Huns · Taiwan
1348
+16
🇮🇩 Danes · Indonesia
1330
+16
🇨🇳 Franks · China
1307
+17
🇺🇸 Magyars · United States
1375
-17
🇦🇷 Britons · Argentina
1352
-17
🇨🇳 Ethiopians · China
1309
-15
🇨🇳 Franks · China
1309
-15
酒醉上義姬
8:24 Loom
10:26 Feudal Age
12:43 Double-Bit Axe
12:42 Horse Collar
18:07 Fletching
27:06 Castle Age
25:58 Stone Mining
26:06 Gold Mining
27:36 Town Watch
30:46 Forging
30:37 Scale Mail Armor
30:51 Squires
30:39 Gambesons
42:50 Iron Casting
42:17 Hamask
45:18 Gold Shaft Mining
47:35 Chain Mail Armor
48:47 Wheelbarrow
59:45 Imperial Age
59:13 Bow Saw
60:59 Hand Cart
62:43 Stone Shaft Mining
61:36 Pikeman
62:16 Halberdier
62:45 Arson
63:56 Town Patrol
66:18 Blast Furnace
65:48 Plate Mail Armor
67:29 Caravan
68:26 Bodkin Arrow
68:32 Padded Archer Armor
70:42 Elite Varangian Guard
75:07 Conscription
79:01 Heavy Plow
78:48 Onager
79:24 Northmen's Fury
80:47 Siege Engineers
81:44 Chemistry
81:05 Ballistics
80:17 Siege Onager
81:21 Capped Ram
83:53 Siege Ram
99:07 Spies/Treason
红茶丶
6:06 Loom
8:53 Feudal Age
9:27 Double-Bit Axe
16:21 Scale Barding Armor
18:17 Gold Mining
21:52 Castle Age
21:13 Forging
22:56 Chain Barding Armor
23:52 Bow Saw
23:58 Husbandry
24:57 Iron Casting
35:04 Gold Shaft Mining
36:40 Wheelbarrow
35:51 Town Watch
36:19 Stone Mining
40:51 Imperial Age
38:39 Hand Cart
38:28 Town Patrol
40:56 Cavalier
42:20 Plate Barding Armor
44:58 Hand Cart
45:46 Blast Furnace
46:33 Ballistics
46:24 Fletching
49:36 Light Cavalry
52:23 Paladin
54:11 Conscription
56:12 Bodkin Arrow
58:24 Murder Holes
63:10 Chivalry
67:19 Chemistry
67:02 Padded Archer Armor
67:15 Masonry
67:11 Siege Engineers
66:48 Treadmill Crane
69:38 Scale Mail Armor
69:53 Leather Archer Armor
70:36 Caravan
72:58 Hoardings
72:56 Architecture
72:37 Fortified Wall
84:07 Chain Mail Armor
92:37 Spies/Treason
94:33 Heavy Mounted Crossbowman
武田信長
6:20 Loom
9:25 Feudal Age
9:55 Double-Bit Axe
10:37 Horse Collar
15:58 Scale Barding Armor
16:18 Bloodlines
16:45 Forging
23:59 Castle Age
22:22 Gold Mining
24:05 Light Cavalry
24:47 Husbandry
25:26 Iron Casting
28:09 Gold Shaft Mining
27:39 Heavy Plow
27:51 Bow Saw
39:32 Wheelbarrow
38:43 Town Watch
43:03 Stone Mining
45:37 Hand Cart
50:41 Imperial Age
49:28 Chain Barding Armor
50:52 Cavalier
52:08 Plate Barding Armor
51:56 Conscription
53:10 Blast Furnace
53:52 Paladin
59:11 Town Patrol
69:27 Hussar
76:41 Two-Man Saw
78:46 Conscription
ivylin
8:57 Feudal Age
9:46 Loom
11:25 Double-Bit Axe
13:38 Fletching
17:04 Horse Collar
18:19 Padded Archer Armor
25:17 Castle Age
23:56 Gold Mining
26:11 Bodkin Arrow
25:40 Crossbowman
27:19 Thumb Ring
31:54 Ballistics
41:57 Gold Shaft Mining
42:14 Leather Archer Armor
43:32 Heavy Plow
46:12 Imperial Age
45:13 Wheelbarrow
46:23 Hand Cart
46:33 Bloodlines
46:16 Cranequins
47:40 Bracer
48:25 Husbandry
51:08 Chemistry
59:01 Ring Archer Armor
68:08 Crop Rotation
67:51 Bow Saw
70:29 Squires
71:02 Pikeman
74:52 Scale Mail Armor
76:07 Chain Mail Armor
76:09 Caravan
76:19 Elite Skirmisher
83:29 Coinage
85:26 Banking
94:27 Treadmill Crane
Laggy
6:44 Loom
9:13 Feudal Age
10:06 Double-Bit Axe
20:23 Scale Barding Armor
21:44 Bloodlines
27:44 Castle Age
28:47 Chain Barding Armor
28:03 Light Cavalry
32:49 Gold Mining
34:21 Husbandry
51:56 Imperial Age
52:44 Wheelbarrow
52:06 Cavalier
53:27 Plate Barding Armor
67:06 Fletching
PistonForjado
7:05 Loom
10:06 Feudal Age
10:57 Double-Bit Axe
14:22 Fletching
18:01 Padded Archer Armor
20:37 Horse Collar
22:14 Town Watch
22:22 Gold Mining
25:35 Wheelbarrow
28:03 Castle Age
29:47 Bodkin Arrow
29:13 Crossbowman
49:47 Heavy Plow
52:07 Stone Mining
57:45 Gold Shaft Mining
57:51 Leather Archer Armor
58:14 Ballistics
60:53 Imperial Age
58:38 Hand Cart
60:38 Town Patrol
60:55 Arbalester
61:36 Bracer
62:38 Chemistry
63:41 Yeomen
63:42 Conscription
63:24 Murder Holes
63:40 Masonry
64:32 Hoardings
65:26 Ring Archer Armor
65:25 Scale Mail Armor
65:36 Forging
65:43 Pikeman
66:23 Squires
66:08 Gambesons
67:02 Bow Saw
67:00 Halberdier
69:13 Iron Casting
71:53 Arson
75:50 Fortified Wall
76:16 Architecture
76:50 Guard Tower
mipolin
7:37 Loom
9:36 Feudal Age
10:25 Double-Bit Axe
17:48 Scale Barding Armor
20:32 Forging
23:05 Castle Age
24:15 Chain Barding Armor
27:50 Bow Saw
28:41 Husbandry
29:36 Iron Casting
41:53 Imperial Age
42:02 Cavalier
43:22 Plate Barding Armor
43:48 Blast Furnace
44:22 Gold Mining
46:06 Paladin
51:36 Gold Shaft Mining
56:48 Stone Mining
2265138721
7:14 Loom
9:11 Feudal Age
10:59 Double-Bit Axe
15:06 Fletching
17:30 Padded Archer Armor
23:47 Castle Age
22:49 Gold Mining
22:43 Horse Collar
23:48 Crossbowman
24:29 Bodkin Arrow
25:32 Bow Saw
27:23 Leather Archer Armor
28:54 Thumb Ring
31:08 Wheelbarrow
33:02 Hand Cart
34:00 Heavy Plow
34:38 Ballistics
39:40 Imperial Age
39:43 Arbalester
40:30 Bracer
41:11 Ring Archer Armor
41:53 Chemistry
42:21 Conscription
42:09 Scale Mail Armor
42:19 Forging
46:53 Chain Mail Armor
47:14 Iron Casting
47:38 Royal Heirs
48:48 Plate Mail Armor
47:45 Elite Shotel Warrior
52:12 Blast Furnace
59:54 Two-Man Saw
Connection lost

Rejoining the realm…

Still unreachable

The connection could not be restored.

Session expired

The server has moved on; the page needs a fresh start.